 Dungeon Crawl Stone Soup version 0.22-a0-609-gfedc9ff77b (webtiles) character file.

189 Kholdaimon the Caller (level 5, -3/30 HPs)
             Began as a Tengu Summoner on July 10, 2018.
             Killed from afar by an orc wizard (9 damage)
             ... with a puff of flame
             ... on level 4 of the Dungeon.
             The game lasted 00:23:28 (2867 turns).

Kholdaimon the Caller (Tengu Summoner)              Turns: 2867, Time: 00:23:28

Health: -3/30      AC:  4    Str:  9    XL:     5   Next: 68%
Magic:  5/10       EV: 12    Int: 16    God:
Gold:   213        SH:  0    Dex: 14    Spells: 2/9 levels left

rFire    . . .     SeeInvis +   k - +0 spear
rCold    . . .     Gourm    .   (no shield)
rNeg     . . .     Faith    .   i - +1 leather armour
rPois    .         Spirit   .   (helmet restricted)
rElec    .         Reflect  .   (no cloak)
rCorr    .         Harm     .   (no gloves)
MR       .....                  (boots unavailable)
Stlth    ++........             (no amulet)
HPRegen  0.10/turn              s - ring of see invisible
MPRegen  0.12/turn              (no ring)

@: slowed, very slow
A: beak, talons 3, able to fly 1
a: Fly


You were on level 4 of the Dungeon.
You were hungry.

You visited 1 branch of the dungeon, and saw 4 of its levels.

You collected 213 gold pieces.

Inventory:

Hand Weapons
 k - a +0 spear (weapon)
 B - a +0 dagger of venom
 E - a +0 hunting sling
Missiles
 l - 98 stones (quivered)
 m - 32 sling bullets
 v - 15 bolts
 A - 17 poisoned needles
Armour
 a - a +0 robe
 i - a +1 leather armour (worn)
 r - a +0 scale mail
 y - a +0 chain mail
 H - a +0 ring mail
Jewellery
 s - a ring of see invisible (left hand)
Wands
 D - a wand of acid (10)
Scrolls
 b - a scroll of teleportation {unknown}
 f - a scroll of magic mapping {unknown}
 g - a scroll of enchant weapon {unknown}
 h - a scroll of enchant armour
 o - a scroll of random uselessness {unknown}
 p - a scroll of fog {unknown}
 q - 2 scrolls of blinking {unknown}
 u - a scroll of fear {unknown}
 w - a scroll of noise {unknown}
Potions
 d - a potion of mutation
 x - a potion of curing
 z - 2 potions of flight
 C - a potion of might {unknown}
 G - a potion of brilliance {unknown}
Comestibles
 c - 7 rations


   Skills:
 + Level 1.9 Fighting
 + Level 0.2 Armour
 - Level 3.0 Dodging
 - Level 2.0 Stealth
 + Level 2.9 Spellcasting
 - Level 6.0 Summonings
 * Level 2.8 Air Magic


You had 2 spell levels left.
You knew the following spells:

 Your Spells              Type           Power        Failure   Level  Hunger
a - Summon Small Mammal   Summ           ###.         2%          1    #......
b - Call Imp              Summ           ###.....     3%          2    ##.....
c - Summon Lightning Spi  Summ/Air       ###.....     41%         4    #####..

Your spell library contained the following spells:

 Spells                   Type           Power        Failure   Level  Hunger
 Summon Ice Beast         Ice/Summ       ##......     61%         4    #####..
 Call Canine Familiar     Summ           ###.....     7%          3    ###....
 Summon Guardian Golem    Hex/Summ       ##......     24%         3    ###....


Dungeon Overview and Level Annotations

Branches:
Dungeon (4/15)
 Temple: D:4-7

Altars:


Innate Abilities, Weirdness & Mutations

You have a beak for a mouth.
You have claws for feet.
You can fly.


Message History

The orc wizard seems to speed up.
Your crimson imp closely misses the orc wizard.
The orc wizard closely misses your crimson imp.
The orc wizard casts a spell at you.
The puff of frost hits the orc wizard.
The orc wizard dies!
The orc wizard hits your crimson imp but does no damage.
Your crimson imp barely misses the orc wizard.
The orc wizard hits you with a dagger.
* * * LOW HITPOINT WARNING * * *
Your crimson imp barely misses the orc wizard.
The orc wizard looks braver for a moment.
Casting: Call Imp (safe; 3% risk of failure)
Confirm with . or Enter, or press ? or * to list all spells.
A beastly little devil appears in a puff of frigid air.
You are feeling hungry.
The orc wizard looks encouraged for a moment.
The orc wizard gestures at you while chanting.
The puff of flame hits you!
You die...

#..#..........##.#......
#..#.#..#####.##...#####
#.........# #.#.....#
#.........# #.##...##
#.........# #.....##
###.......# #####.#
#.....5.# #.# #.......#
#'# #....@>.# #...#
####o#### #.....# #..##
#..o....#
####o.o####.........#
........5.)5oo.......+
#####...###.5###.....#
#..## ...#.#....## #.##
###.# #.# ..:..


You could see 2 orc wizards and a friendly white imp.

Vanquished Creatures
  Jessica (D:2)
  An adder (D:2)
  An ooze (D:4)
  A dart slug (D:3)
  3 leopard geckos
  4 orcs
  6 bats
  A giant cockroach (D:3)
  4 goblins
  4 hobgoblins
  3 jackals
  A quokka (D:2)
  4 frilled lizards
  A kobold (D:1)
  5 rats
  A plant (D:2)
41 creatures vanquished.

Vanquished Creatures (collateral kills)
  2 orc priests
  An iguana (D:4)
  An orc wizard (D:4)
  Terence (D:3)
  2 adders (D:2)
  A worm (D:2)
  2 leopard geckos
  6 orcs (D:3)
  A ball python (D:4)
  2 giant cockroaches
  A goblin (D:2)
  5 hobgoblins
  12 jackals
  3 frilled lizards
  3 kobolds (D:1)
43 creatures vanquished.

Vanquished Creatures (others)
  An orc wizard (D:4)
  4 toadstools (D:1)
5 creatures vanquished.

Grand Total: 89 creatures vanquished

Notes
Turn   | Place    | Note
-------+----------+-------------------------------------------
     0 | D:1      | Kholdaimon the Tengu Summoner began the quest for the Orb.
     0 | D:1      | Reached XP level 1. HP: 10/10 MP: 4/4
   130 | D:1      | Reached skill level 5 in Summonings
   185 | D:1      | Reached XP level 2. HP: 16/16 MP: 6/6
   190 | D:1      | Learned a level 2 spell: Call Imp
   727 | D:2      | Noticed Jessica
   741 | D:2      | Killed Jessica
   741 | D:2      | Reached skill level 1 in Fighting
   741 | D:2      | Reached XP level 3. HP: 20/20 MP: 1/7
  1142 | D:2      | Reached XP level 4. HP: 14/25 MP: 4/8
  1152 | D:2      | Learned a level 4 spell: Summon Lightning Spire
  1865 | D:3      | Noticed Terence
  1873 | D:3      | Reached skill level 1 in Air Magic
  1882 | D:3      | Killed Terence
  2008 | D:3      | Gained mutation: You can fly. [Tengu growth]
  2008 | D:3      | Reached XP level 5. HP: 15/29 MP: 4/9
  2009 | D:3      | Reached skill level 6 in Summonings
  2867 | D:4      | Killed from afar by an orc wizard

Vault maps used:
D:1:      ldierk_water_garden, roderic_serpentine_path, amethyst_killhole
D:2:      serial_bayou, serial_bayou_pond_d, serial_bayou_pond_e,
          serial_bayou_shore_a, serial_bayou_lagoon_a, uniq_jessica
D:3:      first_ration, uniq_terence
D:4:      minmay_a_box_with_orc_wizards_in_it

Skill      XL: |  1  2  3  4  5 |
---------------+----------------+-----
Summonings     | 5 6 |  6.0
Fighting       | 1 |  1.9
Air Magic      | 1 2 |  2.8
Dodging        | 3 |  3.0
Armour         | |  0.2
Stealth        | |  2.0
Spellcasting   | |  2.9

Action                   |  1- 3 |  4- 6 || total
-------------------------+-------+-------++-------
Melee: Spear             |    52 |   132 ||   184
       Short sword       |     4 |       ||     4
       Club              |     2 |       ||     2
       Unarmed           |     2 |       ||     2
       Peck              |     3 |    19 ||    22
       Kick              |     5 |    30 ||    35
 Cast: Summon Small Mamm |     7 |       ||     7
       Call Imp          |    16 |    29 ||    45
  Use: Scroll            |       |     6 ||     6
 Stab: Sleeping          |     4 |     1 ||     5
       Distracted        |       |     1 ||     1
  Eat: Chunk             |     2 |     7 ||     9
Armor: Robe              |     2 |       ||     2
       Leather armour    |     7 |     9 ||    16
       Chain mail        |       |     1 ||     1
Dodge: Dodged            |    21 |    44 ||    65

Table legend:
 A = Spawn XP
 B = Non-spawn XP
 C = Spawn XP percentage of total XP
 D = Spawn monster count
 E = Non-spawn monster count
 F = Spawn count percentage of total count
 G = Total turns spent on level
                    A         B        C        D         E        F      G
               +---------+---------+-------+---------+---------+-------+---------
         Total |       0 |     271 |   0.0 |       0 |      83 |   0.0 |  2867
               +---------+---------+-------+---------+---------+-------+---------
           D:1 |       0 |      24 |   0.0 |       0 |      17 |   0.0 |   650
           D:2 |       0 |      88 |   0.0 |       0 |      34 |   0.0 |  1230
           D:3 |       0 |      85 |   0.0 |       0 |      24 |   0.0 |   561
           D:4 |       0 |      74 |   0.0 |       0 |       8 |   0.0 |   426
               +---------+---------+-------+---------+---------+-------+---------
